 Dungeon Crawl Stone Soup version 0.23-a0-315-ga85b81c (webtiles) character file.

234 Amnesiac the Cutter (level 5, -2/42 HPs)
             Began as a Deep Dwarf Earth Elementalist on Oct 14, 2018.
             Was a Follower of Ru.
             Slain by a worm (9 damage)
             ... on level 4 of the Dungeon.
             The game lasted 00:07:01 (3191 turns).

Amnesiac the Cutter (Deep Dwarf Earth Elementalist) Turns: 3191, Time: 00:07:02

Health: -2/42      AC:  2    Str: 12    XL:     5   Next: 75%
Magic:  7/7        EV: 12    Int: 16    God:    Ru [*.....]
Gold:   187        SH:  5    Dex: 13    Spells: 6/9 levels left

rFire    . . .     SeeInvis .   b - +2 short sword (venom)
rCold    . . .     Gourm    .   (no shield)
rNeg     . . .     Faith    .   c - +0 robe
rPois    .         Spirit   .   (no helmet)
rElec    .         Reflect  +   (no cloak)
rCorr    .         Harm     .   (no gloves)
MR       .....                  (no boots)
Stlth    ++........             e - +5 amulet of reflection
HPRegen  0.00/turn              (no ring)
MPRegen  0.10/turn              (no ring)

@: non-regenerating
A: damage resistance, heal wounds, sense surroundings 1, hated by all, no
regeneration
a: Heal Wounds, Renounce Religion


You were on level 4 of the Dungeon.
You worshipped Ru.
Ru was aware of your devotion.
You were not hungry.

You visited 1 branch of the dungeon, and saw 4 of its levels.

You collected 187 gold pieces.

Inventory:

Hand Weapons
 a - a +0 dagger of venom
 b - a +2 short sword of venom (weapon)
Missiles
 m - 118 stones (quivered)
 A - 47 poisoned needles
Armour
 c - a +0 robe (worn)
 p - a +0 pair of gloves
Jewellery
 e - a +5 amulet of reflection (around neck)
Wands
 q - a wand of disintegration (14)
Scrolls
 f - 5 scrolls of identify {!r, unknown}
 g - 3 scrolls of immolation {!r, unknown}
 h - a scroll of blinking {!r, unknown}
 i - 2 scrolls of teleportation {!r, unknown}
 k - 2 scrolls of magic mapping {!r, unknown}
 l - 6 scrolls of remove curse {!r, unknown}
 o - a scroll of enchant armour {!r, unknown}
 u - a scroll of fear {!r, unknown}
 w - a scroll of enchant weapon {!r, unknown}
 y - a scroll of amnesia {!r, unknown}
Potions
 n - a potion of magic {!q, unknown}
 r - a potion of might {!q, unknown}
 s - a potion of flight {!q, unknown}
 t - a potion of brilliance {!q, unknown}
 v - a potion of haste {!q, unknown}
 x - a potion of agility {!q, unknown}
 z - a potion of lignification {!q, unknown}
Comestibles
 d - 9 rations
 j - 3 chunks of flesh


   Skills:
 * Level 4.3 Short Blades
 - Level 2.1 Dodging
 - Level 3.1 Stealth
 - Level 2.6 Spellcasting
 - Level 1.0 Transmutations
 - Level 4.0 Earth Magic


You had 6 spell levels left.
You knew the following spells:

 Your Spells              Type           Power        Failure   Level  Hunger
a - Sandblast             Erth           ##....       3%          1    #......
b - Passwall              Tmut/Erth      ##......     11%         2    ##.....

Your spell library contained the following spells:

 Spells                   Type           Power        Failure   Level  Hunger
 Stone Arrow              Conj/Erth      #.....       26%         3    ###....
 Petrify                  Tmut/Erth      ##......     56%         4    #####..
 Lee's Rapid Deconstruct  Erth           ##........   71%         5    ######.


Dungeon Overview and Level Annotations

Branches:
Dungeon (4/15)             Temple (0/1) D:4

Altars:
Okawaru
Ru


Innate Abilities, Weirdness & Mutations

You are resistant to damage.
You can heal yourself by infusing magical energy.
You passively map a small area around you.
You are hated by all.
You do not regenerate.


Message History

The worker ant looks as sick as possible!
The worker ant is severely wounded.
You kill the worker ant!
No target in view!
No target in view!
No target in view!
No target in view!
No target in view!
No target in view!
No target in view!
No target in view!
No target in view!
Eating one of 4 chunks of flesh.
You eat one of the 4 chunks of flesh.
This raw flesh tastes terrible.
A frilled lizard comes into view.
A frilled lizard is nearby!
A frilled lizard is nearby!
The frilled lizard hisses angrily.
The frilled lizard barely misses you.
You hit the frilled lizard.
You kill the frilled lizard!
No target in view!
No target in view!
No target in view!
No target in view!
No target in view!
No target in view!
No target in view!
No target in view!
l - 6 scrolls labeled XIAQIEQECS {!r} (gained 1)
There is a stone staircase leading down here.
A worm comes into view.
A worm is nearby!
The worm bites you.
* * * LOW HITPOINT WARNING * * *
You barely miss the worm. You hit the worm.
The worm is lightly wounded.
The worm barely misses you.
You hit the worm but do no damage.
The worm is poisoned.
You barely miss the worm.
The worm is lightly wounded.
The worm bites you!
* * * LOW HITPOINT WARNING * * *
You are too injured to fight recklessly!
You are too injured to fight recklessly!
You are too injured to fight recklessly!
You are too injured to fight recklessly!
You are too injured to fight recklessly!
A worm is nearby!
A worm is nearby!
You are too injured to fight recklessly!
You are too injured to fight recklessly!
You hit the worm but do no damage.
The worm looks as sick as possible!
The worm is lightly wounded.
You hit the worm.
The worm looks as sick as possible!
The worm is moderately wounded.
The worm barely misses you.
You hit the worm.
The worm looks as sick as possible!
The worm is heavily wounded.
You hit the worm but do no damage.
The worm looks as sick as possible!
The worm is heavily wounded.
The worm bites you!
You die...

, #.# #.########.# , # #.#
#.......##.# , ##
######.###########.##.########.
#..............................
,#..###.##############..######.#
#..# #.# * *###.....###.# * #..#
#.# ...#.###.....# * #..# #.#
####....#.# ##.#### * #..# #.#
####.@w....#.# ###
#..###.###....#######.#* #
#..##..#...###.........,, , .
#..##....### #.######.# * *
#..##..### #.# #.### ,#........#
#.# ####...####### * #........#
#.###...........). * #.....>..#
#.##...#.......).[ #........#
#.#...###.........


You could see a worm.

Vanquished Creatures
  A crimson imp (D:4)
  3 worker ants
  7 adders
  A leopard gecko (D:2)
  5 orcs
  9 bats
  3 giant cockroaches
  4 goblins
  6 hobgoblins
  11 jackals
  4 kobolds
  A ball python (D:2)
  A frilled lizard (D:4)
  6 rats
62 creatures vanquished.

Vanquished Creatures (others)
  A bat (D:2)
1 creature vanquished.

Grand Total: 63 creatures vanquished

Notes
Turn   | Place    | Note
-------+----------+-------------------------------------------
     0 | D:1      | Amnesiac the Deep Dwarf Earth Elementalist began the quest
                  | for the Orb.
     0 | D:1      | Reached XP level 1. HP: 15/15 MP: 3/3
   456 | D:2      | Reached XP level 2. HP: 20/22 MP: 3/5
   460 | D:2      | Reached skill level 1 in Short Blades
   468 | D:2      | Reached XP level 3. HP: 26/28 MP: 0/6
   472 | D:2      | Learned a level 2 spell: Passwall
   632 | D:3      | Reached skill level 1 in Transmutations
   788 | D:3      | Reached XP level 4. HP: 18/36 MP: 7/7
   928 | D:3      | Found a sacrificial altar of Ru.
   963 | D:3      | Became a worshipper of Ru the Awakened
  2323 | D:2      | Gained mutation: You are hated by all. [Ru sacrifice]
  2323 | D:2      | Reached * piety under Ru
  2755 | D:4      | Reached XP level 5. HP: 23/42 MP: 8/8
  2760 | D:4      | Found an iron altar of Okawaru.
  2995 | D:4      | Found a staircase to the Ecumenical Temple.
  3191 | D:4      | Slain by a worm

Vault maps used:
D:1:      giann_bridges
D:2:      chequers_serial_rivers_large_b
D:3:      first_ration, grunt_decor_one_mirror, hangedman_ru_absence
D:4:      okawaru_ov_weapons_minmay, minmay_temple_entry_statues_pillars,
          hangedman_abyss_or_decor_lesser_grid,
          grunt_dithmenos_smoke_and_mirrors, uniq_duvessa

Skill      XL: |  1  2  3  4  5 |
---------------+----------------+-----
Spellcasting   | 2 |  2.6
Stealth        | 3 |  3.1
Short Blades   | 1 2 3 4 |  4.3
Transmutations | 1 |  1.0
Dodging        | |  2.1
Earth Magic    | |  4.0

Action                   |  1- 3 |  4- 6 || total
-------------------------+-------+-------++-------
Melee: Unarmed           |    30 |       ||    30
       Dagger            |    52 |    23 ||    75
       Short sword       |       |   105 ||   105
 Cast: Sandblast         |    14 |       ||    14
Invok: Sacrifice Love    |       |     1 ||     1
 Abil: Heal Wounds       |       |     2 ||     2
Evoke: Wand              |       |     1 ||     1
  Use: Potion            |     1 |       ||     1
 Stab: Sleeping          |     3 |     4 ||     7
  Eat: Chunk             |       |     8 ||     8
Armor: Robe              |    38 |    15 ||    53
Dodge: Dodged            |    72 |    73 ||   145
Block: Other             |     8 |    21 ||    29

Table legend:
 A = Non-vault XP
 B = Vault XP
 C = Vault XP percentage of total XP
 D = Non-vault monster count
 E = Vault monster count
 F = Vault count percentage of total count
                 A         B        C        D         E       F
            +---------+---------+-------+---------+---------+-------
      Total |     335 |       0 |   0.0 |      63 |       0 |   0.0
            +---------+---------+-------+---------+---------+-------
        D:1 |      14 |       0 |   0.0 |      10 |       0 |   0.0
        D:2 |      75 |       0 |   0.0 |      22 |       0 |   0.0
        D:3 |      99 |       0 |   0.0 |      18 |       0 |   0.0
        D:4 |     147 |       0 |   0.0 |      13 |       0 |   0.0
            +---------+---------+-------+---------+---------+-------
